 Dungeon Crawl Stone Soup version 0.18.1-48-g4cf74bf (webtiles) character file.

275 Gottschkopf the Magician (level 6, -8/32 HPs)
             Began as a Deep Elf Fire Elementalist on July 20, 2016.
             Killed by divine providence
             ... invoked by an orc priest
              (14 damage)
             ... on level 4 of the Dungeon.
             The game lasted 00:11:11 (3713 turns).

Gottschkopf the Magician (DEFE)                     Turns: 3713, Time: 00:11:12

Health: -8/32      AC:  2    Str:  5    XL:     6   Next: 3%
Magic:  7/18       EV: 13    Int: 22    God:
Gold:   148        SH:  0    Dex: 15    Spells: 5 memorised, 4 levels left

rFire  . . .     SeeInvis .     i - +0 dagger
rCold  . . .     Gourm    .     a - +0 robe
rNeg   . . .     Faith    .     (no shield)
rPois  .         Spirit   .     (no helmet)
rElec  .         Dismiss  .     (no cloak)
rCorr  .         Reflect  .     (no gloves)
SustAt .         Harm     .     (no boots)
MR     .....                    (no amulet)
Stlth  ++........               (no ring)
                                (no ring)

@: not resistant to hostile enchantments, unstealthy
A: no striking features
a: no special abilities


You were on level 4 of the Dungeon.
You were very hungry.

You visited 1 branch of the dungeon, and saw 4 of its levels.

You collected 148 gold pieces.

Inventory:

Hand Weapons
 i - a +0 dagger (weapon)
Armour
 a - a +0 robe (worn)
 n - a +0 buckler
Jewellery
 l - an uncursed ring of ice
Scrolls
 d - 2 scrolls of remove curse
 h - a scroll of teleportation {unknown}
 j - a scroll of amnesia
Potions
 e - a potion of ambrosia
 f - a potion of lignification {unknown}
 p - 2 potions of curing
Books
 b - a book of Flames

   Spells                             Type                      Level
   a - Flame Tongue                   Conjuration/Fire             1
   b - Throw Flame                    Conjuration/Fire             2
   c - Conjure Flame                  Conjuration/Fire             3
   d - Inner Flame                    Hexes/Fire                   3
   e - Sticky Flame                   Conjuration/Fire             4
   f - Fireball                       Conjuration/Fire             5
Comestibles
 c - 3 bread rations
 g - a slice of pizza
 k - 2 meat rations


   Skills:
 - Level 2.4 Dodging
 - Level 2.4 Stealth
 - Level 7.1 Spellcasting
 - Level 1.1 Conjurations
 + Level 5.1 Fire Magic


You had 4 spell levels left.
You knew the following spells:

 Your Spells              Type           Power        Failure   Level  Hunger
a - Flame Tongue          Conj/Fire      ###..        2%          1    None
b - Throw Flame           Conj/Fire      ###...       4%          2    None
c - Conjure Flame         Conj/Fire      ###.....     10%         3    None
d - Sticky Flame          Conj/Fire      ###.....     28%         4    ###....
e - Fireball              Conj/Fire      ###.......   75%         5    #####..


Dungeon Overview and Level Annotations

Branches:
Dungeon (4/15)
 Temple: D:4-7

Altars:
Ashenzari
Sif Muna


Message History

The flame tongue hits the ogre.
You kill the ogre!
Your Fire Magic skill increases to level 5!
You have reached level 6!
Your experience leads to an increase in your attributes!
Increase (S)trength, (I)ntelligence, or (D)exterity?
You feel clever.
Casting: Flame Tongue
Confirm with . or Enter, or press ? or * to list all spells.
Aiming: Flame Tongue
Press: ? - help, Shift-Dir - straight line, f - orc
Aim: an orc, wielding a hand axe The flame tongue hits the orc.
The orc is almost dead.
The orc priest invokes the aid of Beogh against you.
Beogh smites you!
* * * LOW HITPOINT WARNING * * *
The orc priest mumbles some strange prayers to Beogh against you.
Beogh smites you!
You die...

########........###.##########
#..........##o#
#..........##o#
#..........#).#
#..........#o## #............#
##...........###.#
##..............#
#......@.......#
#......<.......#
#........###...# #....(..##
...# #.#####.# ##.# #.. #.# .#
#.. #)# . #.# ..#


You could see an orc priest and 2 orcs.

Vanquished Creatures
  An ogre (D:4)
  Jessica (D:2)
  Natasha (D:3)
  Terence (D:3)
  A worker ant (D:4)
  3 adders
  2 worms (D:3)
  3 giant geckos
  A ball python (D:1)
  4 bats
  7 giant cockroaches
  6 goblins
  5 hobgoblins
  2 jackals (D:4)
  A quokka (D:3)
  5 giant newts
  8 kobolds
  3 rats (D:2)
55 creatures vanquished.

Notes
Turn   | Place    | Note
--------------------------------------------------------------
     0 | D:1      | Gottschkopf the Deep Elf Fire Elementalist began the quest for the Orb.
     0 | D:1      | Reached XP level 1. HP: 10/10 MP: 6/6
   682 | D:1      | Reached skill level 4 in Spellcasting
   682 | D:1      | Reached XP level 2. HP: 15/15 MP: 7/9
  1273 | D:2      | Learned a level 2 spell: Throw Flame
  1292 | D:2      | Noticed Jessica
  1295 | D:2      | Killed Jessica
  1295 | D:2      | Reached skill level 5 in Spellcasting
  1295 | D:2      | Reached XP level 3. HP: 6/19 MP: 2/11
  1308 | D:2      | Learned a level 3 spell: Conjure Flame
  1916 | D:2      | You fall through a shaft!
  1952 | D:3      | Reached XP level 4. HP: 24/24 MP: 8/13
  1979 | D:3      | Reached skill level 6 in Spellcasting
  1988 | D:3      | Learned a level 4 spell: Sticky Flame
  2107 | D:3      | Noticed Terence
  2114 | D:3      | Killed Terence
  2146 | D:3      | Found a shattered altar of Ashenzari.
  2410 | D:3      | Found a deep blue altar of Sif Muna.
  2420 | D:3      | Noticed Natasha
  2429 | D:3      | Killed Natasha
  2429 | D:3      | Reached skill level 7 in Spellcasting
  2429 | D:3      | Reached XP level 5. HP: 6/28 MP: 6/16
  2779 | D:3      | Learned a level 5 spell: Fireball
  3697 | D:4      | Noticed an ogre
  3709 | D:4      | Killed an ogre
  3709 | D:4      | Reached skill level 5 in Fire Magic
  3709 | D:4      | Reached XP level 6. HP: 20/32 MP: 7/18
  3713 | D:4      | Killed from afar by an orc priest

Skill      XL: |  1  2  3  4  5 |
---------------+----------------+-----
Spellcasting   | 4 5 7 |  7.1
Fire Magic     | 5 |  5.1
Dodging        | |  2.4
Stealth        | |  2.4
Conjurations   | |  1.1

Action                   |  1- 3 |  4- 6 || total
-------------------------+-------+-------++-------
Melee: Dagger            |       |    19 ||    19
 Cast: Flame Tongue      |    62 |    55 ||   117
       Sticky Flame      |       |     2 ||     2
       Throw Flame       |       |     3 ||     3
       Conjure Flame     |       |     2 ||     2
  Use: Scroll            |       |     6 ||     6
 Stab: Sleeping          |       |     1 ||     1
  Eat: Chunk             |     2 |     4 ||     6
       Pizza             |       |     1 ||     1
Armor: Robe              |     2 |    11 ||    13
Dodge: Dodged            |    10 |    33 ||    43
